 Dungeon Crawl Stone Soup version 0.31-a0-564-g3b7de120b3 (webtiles) character file.

Game seed: 14742955037685419387

2213 Duck the Skirmisher (level 8, -1/105 HPs)
             Began as a Demigod Hunter on Aug 17, 2023.
             Succumbed to an orc's poison
             ... on level 7 of the Dungeon.
             The game lasted 00:24:03 (4725 turns).

Duck the Skirmisher (Demigod Hunter)                Turns: 4725, Time: 00:24:03

Health: -1/105     AC: 24    Str: 12    XL:     8   Next: 89%
Magic:  10/10      EV:  2    Int: 11    God:
Gold:   393        SH:  0    Dex: 25    Spells: 7/7 levels left

rFire   . . .        v - +0 arbalest
rCold   . . .        (shield currently unavailable)
rNeg    . . .        w - melded +2 robe {Will+}
rPois   +            (helmet currently unavailable)
rElec   .            g - melded +0 cloak
rCorr   .            j - melded +0 pair of gloves
SInv    .            (boots currently unavailable)
Will    .....        (no amulet)
Stlth   +            f - ring of poison resistance
HPRegen 0.37/turn    (no ring)
MPRegen 0.12/turn

%: no passive effects
@: confused, lethally poisoned (-1 -> -11), tree-form, invisible, very slow
A: stationary, stasis, torment immunity, boosted hp, high MP 1, forlorn, divine
attributes, (horns 1), (iridescent scales 1), (heat vulnerability 1)
a: no special abilities


You were on level 7 of the Dungeon.
You were a tree.
You visited 1 branch of the dungeon, and saw 7 of its levels.
You also visited: Sewer.

You collected 393 gold pieces.

Inventory:

Hand Weapons
 a - a +1 shortbow
 h - a +0 short sword
 v - a +0 arbalest (weapon)
Missiles
 e - 6 atropa-tipped darts
Armour
 c - a +0 leather armour
 g - a +0 cloak (melded)
 j - a +0 pair of gloves (melded)
 k - a +0 robe
 p - a +0 troll leather armour {Pargi}
 q - a +0 helmet
 w - a +2 robe of willpower (melded)
Jewellery
 f - a ring of poison resistance (left branch)
Scrolls
 b - a scroll of butterflies
 m - a scroll of revelation
 n - a scroll of amnesia {unknown}
 o - 2 scrolls of poison
 t - 4 scrolls of vulnerability
 u - a scroll of teleportation
Potions
 d - 3 potions of degeneration
 i - 3 potions of ambrosia
 l - a potion of invisibility
 r - a potion of might {unknown}


   Skills:
 + Level 6.0 Fighting
 * Level 9.0 Ranged Weapons
 - Level 5.0 Dodging
 - Level 1.2 Stealth


You had 7 spell levels left.
You didn't know any spells.
Your spell library contained the following spells:

 Spells                   Type           Power      Damage    Failure   Level
 Inner Flame              Hex/Fire       0%         N/A       71%         3
 Anguish                  Hex/Necr       0%         N/A       98%         4
 Cause Fear               Hex            0%         N/A       98%         4
 Flame Wave               Conj/Fire      0%         2d4       98%         4
 Sticky Flame             Conj/Fire      0%         2d3       98%         4
 Iskenderun's Battlesphe  Conj           0%         2d6       100%        5
 Leda's Unmaking          Conj/Erth      0%         9d1       100%        6
 Simulacrum               Ice/Necr       0%         N/A       100%        6
 Enfeeble                 Hex            0%         N/A       100%        7
 Ozocubu's Refrigeration  Ice            0%         4d7       100%        7
 Spellforged Servitor     Conj/Summ      0%         N/A       100%        7
 Polar Vortex             Ice            0%         N/A       100%        9


Dungeon Overview and Level Annotations

Branches:
Dungeon (7/15)             Temple (0/1) D:5           Sewer (visited)


Innate Abilities, Weirdness & Mutations

You are a tree.
Your roots penetrate the ground, keeping you stationary.
You cannot be teleported.
You are immune to unholy pain and torment.
Your maximum health is greatly increased.
Your equipment is partially melded.
You have an increased reservoir of magic. (+10% MP)
You shall have no god before yourself.
Your divine heritage dramatically boosts your attributes as you level up.
((You have a pair of small horns on your head.))
((You are partially covered in iridescent scales. (AC +2)))
((You are vulnerable to heat. (rF-)))


Message History

Something hits you but does no damage.
Non-targeted confused fire: v) +0 arbalest
Press: ? - help, Q - select action, (/) - cycle Dir - look around, f - activate Look: a sky beast You shoot a bolt.
You hear a splash.
You hear a splash.
Reactivating autopickup.
You feel a bit more experienced.
You feel sick.
The killer bee stings you but does no damage. x2
The sky beast hits you.
* * * LOW HITPOINT WARNING * * *
The sky beast shocks you.
* * * LOW HITPOINT WARNING * * *
Something hits you but does no damage.
Deactivating autopickup; reactivate with Ctrl-A.
The killer bee stings you but does no damage.
Your Ranged Weapons skill increases to level 9!
You are too confused!
Non-targeted confused fire: v) +0 arbalest
Press: ? - help, Q - select action, (/) - cycle Dir - look around, f - activate Look: a killer bee You shoot a bolt.
The bolt misses the killer bee.
The bolt hits the plant!
The plant begins to die.
The plant is lightly damaged.
* * * LOW HITPOINT WARNING * * *
You feel sick.
The killer bee stings you but does no damage. x2
The sky beast hits you but does no damage.
Something hits you but does no damage. The orc hits you but does no damage.
You are lethally poisoned!
The killer bee barely misses you. Something hits you but does no damage.
The sky beast hits you but does no damage.
The orc splashes around in the water.
Non-targeted confused fire: v) +0 arbalest
Press: ? - help, Q - select action, (/) - cycle Dir - look around, f - activate Look: a killer bee You shoot a bolt.
You die...

..P≈≈~~.. ....
S...~~≈~~~.
....
...~~~~≈†~♣
.....
~...~~~~~P♣
.....
P...♣~~≈~~♣....
~...~~~~~~♣..
~....~~P~o~#
P~...~~yYo♣
~...~P)~♣♣#
PP.~.~♣###
♣~..♣ ~P.


P You could see a sky beast, a killer bee and 2 orcs.

Vanquished Creatures
  Sigmund (D:6)
  Edmund (D:6)
  3 orc warriors (D:6)
  Pargi (Sewer)
  3 ogres
  2 bullfrogs (D:7)
  2 scorpions
  4 killer bees (D:7)
  6 orc priests
  3 hounds
  Jessica (D:3)
  A gnoll bouda (D:5)
  5 iguanas
  4 orc wizards
  Terence (D:2)
  Robin (D:3)
  5 gnolls (D:5)
  9 adders
  A shadow imp (D:6)
  2 ufetubi (D:6)
  8 worms
  3 dart slugs
  22 orcs
  5 ball pythons
  11 bats
  6 endoplasms
  6 giant cockroaches
  9 goblins
  8 hobgoblins
  12 jackals
  9 quokkas
  A frilled lizard (D:2)
  9 kobolds
  7 rats
172 creatures vanquished.

Vanquished Creatures (others)
  A killer bee (D:7)
1 creature vanquished.

Grand Total: 173 creatures vanquished

Notes
Turn   | Place    | Note
-------+----------+-------------------------------------------
     0 | D:1      | Duck the Demigod Hunter began the quest for the Orb.
     0 | D:1      | Reached XP level 1. HP: 17/17 MP: 3/3
    12 | D:1      | Reached skill level 1 in Stealth
    51 | D:1      | Reached XP level 2. HP: 21/24 MP: 4/4
   199 | D:1      | Reached skill level 4 in Ranged Weapons
   272 | D:1      | Reached XP level 3. HP: 29/29 MP: 5/5
  1195 | D:2      | Noticed Terence
  1210 | D:2      | Killed Terence
  1211 | D:2      | Reached XP level 4. HP: 14/37 MP: 6/6
  1547 | D:3      | Noticed Robin
  1555 | D:3      | Killed Robin
  1692 | D:3      | Reached XP level 5. HP: 12/44 MP: 7/7
  2000 | D:3      | Noticed Jessica
  2005 | D:3      | Killed Jessica
  2006 | D:3      | Reached skill level 5 in Ranged Weapons
  2232 | D:3      | Reached XP level 6. HP: 51/51 MP: 8/8
  2675 | D:4      | Found a glowing drain.
  2697 | Sewer    | Entered a sewer
  2794 | Sewer    | Noticed Pargi
  2805 | Sewer    | Killed Pargi
  3023 | D:4      | Reached skill level 6 in Ranged Weapons
  3023 | D:4      | Reached XP level 7. HP: 58/58 MP: 9/9
  3347 | D:5      | Entered Level 5 of the Dungeon
  3422 | D:5      | Reached skill level 5 in Dodging
  3686 | D:5      | Found a staircase to the Ecumenical Temple.
  4094 | D:5      | Gained mutation: You are partially covered in iridescent
                  | scales. (AC +2) [potion of mutation]
  4094 | D:5      | Gained mutation: You are vulnerable to heat. (rF-) [potion
                  | of mutation]
  4094 | D:5      | Gained mutation: You have a pair of small horns on your
                  | head. [potion of mutation]
  4128 | D:6      | Reached skill level 7 in Ranged Weapons
  4143 | D:6      | Reached XP level 8. HP: 66/67 MP: 10/10
  4262 | D:6      | Reached skill level 5 in Fighting
  4627 | D:6      | Noticed Sigmund
  4631 | D:6      | Killed Sigmund
  4632 | D:6      | Reached skill level 8 in Ranged Weapons
  4657 | D:6      | Noticed Edmund
  4660 | D:6      | Killed Edmund
  4723 | D:7      | HP: 4/105 [sky beast (6)]
  4724 | D:7      | Reached skill level 9 in Ranged Weapons
  4725 | D:7      | Succumbed to an orc's poison

Illustrated notes

Levels and vault maps discovered:
D:1:      wander_arrival_chamber, layout_basic
D:2:      layout_rooms, serial_glass, glass_columns_c, glass_columns_b,
          uniq_terence
D:3:      layout_basic, chequers_avenue, nicolae_concentric_dashed_squares_mild,
          chequers_serial_rivers_micro_e, uniq_robin, uniq_jessica
D:4:      layout_cave_pools, cheibrodos_sewer_entry_bend,
          hangedman_minor_gate_pass
D:5:      layout_gridville, minmay_temple_entry_glass, item_on_display_a
D:6:      layout_cave_pools, nicolae_sif_muna_condensation,
          sigmund_edmund_badplayer
D:7:      layout_cave_pools, chequers_temple_overflow_statue_of_worship,
          serial_shops, shop, nicolae_shop_behind_doors,
          nicolae_shop_tiny_statue_garden, serial_bayou, serial_bayou_pond_a,
          serial_bayou_pond_e, serial_bayou_ford_a, serial_bayou_pond_b,
          serial_park_tiny_2

Skill      XL: |  1  2  3  4  5  6  7  8 |
---------------+-------------------------+-----
Stealth        | 1 |  1.2
Fighting       | 2 3 4 6 |  6.0
Dodging        | 2 3 4 5 |  5.0
Ranged Weapons | 4 5 6 7 9 |  9.0

Action                     |  1- 3 |  4- 6 |  7- 9 || total
---------------------------+-------+-------+-------++-------
   Fire: Shortbow          |   160 |   198 |    96 ||   454
         Orcbow            |       |    11 |       ||    11
         Arbalest          |       |       |   103 ||   103
    Use: Scroll            |       |     8 |     5 ||    13
         Potion            |       |     4 |     4 ||     8
 Armour: Leather armour    |    36 |     5 |       ||    41
         Skin              |       |     9 |    41 ||    50
         Robe              |       |     8 |     4 ||    12
         Troll leather arm |       |       |    20 ||    20
  Dodge: Dodged            |    59 |    88 |   121 ||   268

Table legend: (Time is in decaauts)
 A = Elapsed time spent in this place.
 B = Non-inter-level travel time spent in this place.
 C = Inter-level travel time spent in this place.
 D = Time resting spent in this place.
 E = Time spent auto-exploring this place.
 F = Levels seen in this place.
 G = Mean time per level.
                   A        B        C        D        E       F      G
               +--------+--------+--------+--------+--------+-----+--------+
         Total |   4872 |   4764 |    108 |    749 |   2782 |   8 |  609.0 |
       Dungeon |   4585 |   4477 |    108 |    652 |   2676 |   7 |  655.0 |
         Sewer |    286 |    286 |      0 |     97 |    106 |   1 |  286.0 |
               +--------+--------+--------+--------+--------+-----+--------+

Top non-repeatable levels by time:
     D:3: 986 daAuts
     D:1: 827 daAuts
     D:5: 752 daAuts
     D:2: 738 daAuts
     D:6: 640 daAuts
     D:4: 591 daAuts
   Sewer: 286 daAuts
     D:7: 47 daAuts
